 Dungeon Crawl Stone Soup version 0.27-a0-1548-gf8a67e7463 (webtiles) character file.

Game seed: 10566526273643267893

9 elagabalus the Skirmisher (level 2, 25/25 HPs)
             Began as a Palentonga Fighter on July 13, 2021.
             Quit the game on level 1 of the Dungeon.
             The game lasted 00:01:41 (60 turns).

elagabalus the Skirmisher (Palentonga Fighter)        Turns: 60, Time: 00:01:41

Health: 25/25      AC:  6    Str: 19    XL:     2   Next: 3%
Magic:  2/2        EV:  5    Int:  8    God:
Gold:   0          SH:  8    Dex:  9    Spells: 1/1 levels left

rFire    . . .     SeeInvis +   a - +0 flail
rCold    . . .     Faith    .   c - +0 kite shield
rNeg     . . .     Spirit   .   b - +0 scale mail
rPois    .         Reflect  .   (no helmet)
rElec    .         Harm     .   (no cloak)
rCorr    .         Rampage  .   (no gloves)
Will     .....                  (no barding)
Stlth    ..........             (no amulet)
HPRegen  0.08/turn              (no ring)
MPRegen  0.08/turn              (no ring)

@: no status effects
A: large, rugged brown scales 3, see invisible, deformed body, roll 1, armoured
tail
a: Rolling Charge


You were on level 1 of the Dungeon.
You visited 1 branch of the dungeon, and saw 1 of its levels.

Inventory:

Hand Weapons
 a - a +0 flail (weapon)
Armour
 b - a +0 scale mail (worn)
 c - a +0 kite shield (worn)
Potions
 d - a potion of might
 e - a potion of ambrosia {unknown}


   Skills:
 - Level 3.0 Fighting
 + Level 2.8 Maces & Flails
 - Level 2.4 Armour
 - Level 2.4 Shields


You had one spell level left.
You didn't know any spells.
Your spell library was empty.

Dungeon Overview and Level Annotations

Branches:
Dungeon (1/15)

Altars:


Innate Abilities, Weirdness & Mutations

You are completely covered in rugged brown scales. (AC +3, +7% HP)
You have supernaturally acute eyesight. (SInv)
Armour fits poorly on your strangely shaped body.
You can roll at nearby foes to attack.
You have a long armoured tail.


Message History

You barely miss the goblin. You block the goblin's attack.
The goblin hits you with a +0 club.
You miss the goblin.
Your tail-slap misses the goblin.
The goblin hits you but does no damage. You block the goblin's attack.
You closely miss the goblin. You tail-slap the goblin.
You kill the goblin!
The rat bites you but does no damage.
You sock the rat!
You kill the rat!
The goblin hits you but does no damage.
You closely miss the goblin. The goblin completely misses you.
You barely miss the goblin. The goblin barely misses you.
The goblin hits you but does no damage.
You barely miss the goblin. You block the goblin's attack.
The goblin barely misses you.
You closely miss the goblin. The goblin hits you but does no damage.
You hit the goblin.
You kill the goblin!
The frilled lizard barely misses you.
You barely miss the frilled lizard. You block the frilled lizard's attack.
Your shield and scale mail prevent you from hitting the frilled lizard.
Your tail-slap misses the frilled lizard.
You block the frilled lizard's attack.
The frilled lizard bites you but does no damage.
You miss the frilled lizard. You block the frilled lizard's attack.
Your shield prevents you from hitting the frilled lizard.
You block the frilled lizard's attack. The frilled lizard barely misses you.
You closely miss the frilled lizard. You block the frilled lizard's attack.
You sock the frilled lizard!
You kill the frilled lizard!
You thump the goblin!
You kill the goblin!
You have reached level 2!
Items here: ))) †††††.
Items here: ))) †††††.
Okay, then.
Found a coppery potion.
HP restored.
e - a coppery potion Are you sure you want to abandon this character and quit the game? (Confirm with "yes".)

.........# ...#
.........# ...#
.........####...###
...................
...................
.........#.#....##.
.........#.........
###.........####
#.@.###.###.....
#####.....####.#
#...#)#...## .
#..###.###..## #..
#.# ##..## .. #.#
##..## . ... ##..##
.....# #..# ......#
##.##


There were no monsters in sight!

Vanquished Creatures
  2 endoplasms (D:1)
  3 goblins (D:1)
  A ball python (D:1)
  A frilled lizard (D:1)
  A rat (D:1)
8 creatures vanquished.

Notes
Turn   | Place    | Note
-------+----------+-------------------------------------------
     0 | D:1      | elagabalus the Palentonga Fighter began the quest for the
                  | Orb.
     0 | D:1      | Reached XP level 1. HP: 19/19 MP: 1/1
    44 | D:1      | Reached XP level 2. HP: 24/25 MP: 2/2
    60 | D:1      | Quit the game

Illustrated notes

Levels and vault maps discovered:
D:1:      dpeg_arrival_central, layout_basic, shapermc_ecumenical_altar_venn,
          serial_shops, nicolae_shop_crystal

Action                   || total
-------------------------++-------
Melee: Flail             ||    20
       Tailslap          ||     2
 Abil: Rolling Charge    ||     3
Armor: Scale mail        ||     7
Dodge: Dodged            ||     5
Block: Kite shield       ||     8

Table legend: (Time is in decaauts)
 A = Elapsed time spent in this place.
 B = Non-inter-level travel time spent in this place.
 C = Inter-level travel time spent in this place.
 D = Time resting spent in this place.
 E = Time spent auto-exploring this place.
 F = Levels seen in this place.
 G = Mean time per level.
                   A        B        C        D        E       F      G
               +--------+--------+--------+--------+--------+-----+--------+
         Total |     70 |     46 |     24 |      0 |      0 |   1 |   70.0 |
       Dungeon |     70 |     46 |     24 |      0 |      0 |   1 |   70.0 |
               +--------+--------+--------+--------+--------+-----+--------+

Top non-repeatable levels by time:
     D:1: 70 daAuts
